cohdb
Replays
Latest Replays
All Replays
Popular Replays
Top Player Replays
Match Explorer
How It Works
Community
CoH3 Stats
Reddit
Sign in to upload your games and track your stats! →
Sign in with Steam
Match 43321419
Unlisted
Match 43321419
Overview
Messages
Build Orders
End
Panzergrenadier Squad
250 Light Carrier
Panzergrenadier Squad
Construct Light Support Kompanie
Fire Support Elements
2.5-tonne Medical Truck
Selects Italian Infantry
Selects Defensive Operations
Pak 38 Anti-tank Gun Team
Veteran Squad Leaders
Selects Prepared Positions
Construct Panzerarmee Kommand
Construct Panzerarmee Kommand
Flakvierling Half-track
Vehicle Survival Package
AI Takeover
Keos
Joraad
Ghandalf (NL)
BuViBuVi
TheJackalope
nutts77771
Wiz4rd
Milky "Two Sips" Drinkonelli
0
0
Comments
sign in to comment!
No comments posted yet!